 Dungeon Crawl Stone Soup version 0.28-a0-1404-g4df0f3684d (webtiles) character file.

Game seed: 17575051429546739648

8 zap2161 the Skirmisher (level 2, -1/24 HPs)
             Began as a Demonspawn Monk on Jan 5, 2022.
             Slain by a jackal (2 damage)
             ... on level 1 of the Dungeon.
             The game lasted 00:03:49 (201 turns).

zap2161 the Skirmisher (Demonspawn Monk)             Turns: 201, Time: 00:03:49

Health: -1/24      AC:  2    Str: 11    XL:     2   Next: 0%
Magic:  2/2        EV: 13    Int: 11    God:
Gold:   25         SH:  0    Dex: 15    Spells: 1/1 levels left

rFire   . . .      SeeInvis .   a - +0 spear
rCold   . . .      Faith    .   (no shield)
rNeg    . . .      Spirit   .   b - +0 robe
rPois   .          Reflect  .   (no helmet)
rElec   .          Harm     .   (no cloak)
rCorr   .          Rampage  .   (no gloves)
Will    .....                   (no boots)
Stlth   ++........              (no amulet)
HPRegen 0.08/turn               (no ring)
MPRegen 0.16/turn               (no ring)

@: no status effects
A: magic regeneration
a: no special abilities


You were on level 1 of the Dungeon.
You visited 1 branch of the dungeon, and saw 1 of its levels.

You collected 25 gold pieces.

Inventory:

Hand Weapons
 a - a +0 spear (weapon)
 d - a +0 spear
Armour
 b - a +0 robe (worn)
Potions
 c - a potion of lignification


   Skills:
 * Level 3.1 Fighting
 + Level 3.0 Polearms
 * Level 2.8 Dodging
 + Level 1.7 Stealth


You had one spell level left.
You didn't know any spells.
Your spell library was empty.

Dungeon Overview and Level Annotations

Branches:
Dungeon (1/15)

Altars:


Innate Abilities, Weirdness & Mutations

You regenerate magic rapidly.


Message History

Reach: a) +0 spear
Press: ? - help, Dir - move target, f/p - jackal
Aim: a jackal (heavily wounded, about 44% to evade your +0 spear)
You hit the jackal but do no damage.
The jackal is heavily wounded.
The jackal bites you.
* * * LOW HITPOINT WARNING * * *
The jackal closely misses you. x2
Reach: a) +0 spear
Press: ? - help, Dir - move target, f/p - jackal
Aim: a jackal (heavily wounded, about 44% to evade your +0 spear)
You closely miss the jackal.
The jackal is heavily wounded.
The jackal closely misses you. The jackal bites you.
* * * LOW HITPOINT WARNING * * *
The jackal bites you but does no damage.
Reach: a) +0 spear
Press: ? - help, Dir - move target, f/p - jackal
Aim: a jackal (heavily wounded, about 44% to evade your +0 spear)
You closely miss the jackal.
The jackal is heavily wounded.
The jackal closely misses you. The jackal misses you.
The jackal barely misses you.
Reach: a) +0 spear
Press: ? - help, Dir - move target, f/p - jackal
Aim: a jackal (heavily wounded, about 44% to evade your +0 spear)
You hit the jackal but do no damage.
The jackal is heavily wounded.
The jackal bites you.
* * * LOW HITPOINT WARNING * * *
The jackal completely misses you.
Reach: a) +0 spear
Press: ? - help, Dir - move target, f/p - jackal
Aim: a jackal (heavily wounded, about 44% to evade your +0 spear)
You hit the jackal.
The jackal is almost dead.
The jackal closely misses you. The jackal bites you.
* * * LOW HITPOINT WARNING * * *
The jackal bites you.
You die...

...... . .....# ....
# .. .....####.#.#
... ##..........#.##
.... #.....#
#......###
...##...h.#
#......##.
#..>....###......##.
#h######..........
#@h.......>.^..##.
#########.........
#......### #....).#
########


You could see 2 jackals.

Vanquished Creatures
  An endoplasm (D:1)
  2 giant cockroaches (D:1)
  A jackal (D:1)
  A ball python (D:1)
  2 frilled lizards (D:1)
  A kobold (D:1)
8 creatures vanquished.

Notes
Turn   | Place    | Note
-------+----------+-------------------------------------------
     0 | D:1      | zap2161 the Demonspawn Monk began the quest for the Orb.
     0 | D:1      | Reached XP level 1. HP: 18/18 MP: 1/1
   195 | D:1      | Gained mutation: You regenerate magic rapidly. [demonic
                  | ancestry]
   195 | D:1      | Reached XP level 2. HP: 11/24 MP: 2/2
   201 | D:1      | HP: 1/24 [jackal (3)]
   201 | D:1      | Slain by a jackal

Illustrated notes

Levels and vault maps discovered:
D:1:      dpeg_arrival_tiny_c, layout_rooms, hex_medium, minmay_close_crescents

Skill      XL: |  1 |
---------------+----+-----
Polearms       | 3 |  3.0
Fighting       | |  3.1
Dodging        | |  2.8
Stealth        | |  1.7

Action                   || total
-------------------------++-------
Melee: Spear             ||    36
       Punch             ||     1
  Use: Potion            ||     1
Armor: Robe              ||     7
Dodge: Dodged            ||    33

Table legend: (Time is in decaauts)
 A = Elapsed time spent in this place.
 B = Non-inter-level travel time spent in this place.
 C = Inter-level travel time spent in this place.
 D = Time resting spent in this place.
 E = Time spent auto-exploring this place.
 F = Levels seen in this place.
 G = Mean time per level.
                   A        B        C        D        E       F      G
               +--------+--------+--------+--------+--------+-----+--------+
         Total |    199 |    199 |      0 |      0 |      0 |   1 |  199.0 |
       Dungeon |    199 |    199 |      0 |      0 |      0 |   1 |  199.0 |
               +--------+--------+--------+--------+--------+-----+--------+

Top non-repeatable levels by time:
     D:1: 199 daAuts
